 Dungeon Crawl Stone Soup version 0.29.0-4-gdea44cf6ec (webtiles) character file.

Game seed: 9019796360330588144

83 qw the Chopper (level 4, 0/26 HPs)
             Began as a Tengu Warper on Aug 28, 2022.
             Slain by a scorpion (5 damage)
             ... on level 4 of the Dungeon.
             The game lasted 00:00:11 (2108 turns).

qw the Chopper (Tengu Warper)                       Turns: 2108, Time: 00:00:12

Health: 0/26       AC:  7    Str: 13    XL:     4   Next: 44%
Magic:  8/8        EV:  9    Int: 13    God:
Gold:   124        SH:  0    Dex: 14    Spells: 7/7 levels left

rFire   . . .      SeeInvis .   Y - +0 hand axe
rCold   . . .      Faith    .   (no shield)
rNeg    . . .      Spirit   .   g - +0 scale mail
rPois   .          Reflect  .   (helmet restricted)
rElec   .          Harm     .   i - +0 cloak
rCorr   .          Rampage  .   (no gloves)
Will    .....                   (boots unavailable)
Stlth   ..........              (no amulet)
HPRegen 0.08/turn               (no ring)
MPRegen 0.11/turn               (no ring)

@: lethally poisoned (0 -> -2), about to teleport
A: beak, talons 3
a: no special abilities


You were on level 4 of the Dungeon.
You visited 1 branch of the dungeon, and saw 4 of its levels.

You collected 124 gold pieces.


Innate Abilities, Weirdness & Mutations

You have a beak for a mouth.
You have claws for feet.


   Skills:
 - Level 2.0 Fighting
 + Level 5.0 Axes
 - Level 1.0 Throwing
 - Level 1.1 Armour
 - Level 2.1 Dodging
 - Level 2.0 Spellcasting
 - Level 2.4 Translocations


You had 7 spell levels left.
You didn't know any spells.
Your spell library contained the following spells:

 Spells                   Type           Power      Damage    Failure   Level
 Blink                    Tloc           14%        N/A       56%         2
 Gell's Gravitas          Tloc           7%         N/A       80%         3
 Lesser Beckoning         Tloc           7%         N/A       80%         3
 Teleport Other           Tloc           7%         N/A       80%         3
 Manifold Assault         Tloc           7%         N/A       100%        5

Inventory:

Hand Weapons
 e - a +0 club
 Y - a +0 hand axe (weapon)
Missiles
 f - 4 boomerangs (quivered)
Armour
 g - a +0 scale mail (worn)
 i - a +0 cloak (worn)
Jewellery
 l - a ring of ice
Scrolls
 j - a scroll of identify
Potions
 a - a potion of cancellation
 c - a potion of curing {unknown}
 d - a potion of resistance

Dungeon Overview and Level Annotations

Branches:
Dungeon (3/15)

Altars:
Nemelex Xobeh

Shops:
D:1 =


Message History

Waypoint 1 re-assigned from D:2 to D:4.
Enter note: You start resting.
HP restored.
A scorpion comes into view.
Found a trident.
The scorpion moves out of view.
You see here a ring of see invisible.
Throw: 4 boomerangs
Press: ? - help, Q - select action Shift-Dir - straight line, f - scorpion You throw a boomerang.
The boomerang barely misses the scorpion.
You barely miss the scorpion. Your peck misses the scorpion.
The scorpion stings you.
You are poisoned.
The scorpion poisons you!
You hit the scorpion.
You claw the scorpion, but do no damage.
The scorpion is lightly wounded.
You feel very sick.
The scorpion stings you but does no damage.
You hit the scorpion. You claw the scorpion.
You peck the scorpion, but do no damage.
The scorpion is moderately wounded.
You feel very sick. The scorpion closely misses you. The scorpion stings you.
You barely miss the scorpion. Your kick misses the scorpion.
The scorpion is moderately wounded.
You feel sick. The scorpion closely misses you.
You barely miss the scorpion.
The scorpion is moderately wounded.
You feel sick. The scorpion barely misses you.
You hit the scorpion. You peck the scorpion.
The scorpion is severely wounded.
You feel sick.
The scorpion stings you but does no damage.
2108 ||| READING scroll of teleportation.
As you read the scroll of teleportation, it crumbles to dust.
You feel strangely unstable.
You feel sick. The scorpion stings you.
You die...

... .... ###
..$. .. .....
.####.####...
...........
........s#
.......@.#
.........#
.........#
.........#
.........#
.........#
.......(.#
)........#
##########


You could see a scorpion.

Vanquished Creatures
  Jessica (D:3)
  An adder (D:3)
  3 dart slugs
  3 ball pythons
  4 bats
  5 endoplasms (D:1)
  A giant cockroach (D:3)
  6 goblins
  A hobgoblin (D:1)
  2 jackals (D:1)
  2 quokkas (D:1)
  3 frilled lizards
  5 kobolds
  4 rats
41 creatures vanquished.

Notes
Turn   | Place    | Note
-------+----------+-------------------------------------------
     0 | D:1      | qw the Tengu Warper began the quest for the Orb.
     0 | D:1      | Reached XP level 1. HP: 12/12 MP: 4/4
     0 | D:1      | 0 ||| qw: Version: 0.1-a-89-g26bdef1
     0 | D:1      | 0 ||| qw: Game counter: 2328
     0 | D:1      | 0 ||| qw: Always use a shield: true
     0 | D:1      | 0 ||| qw: God list: Okawaru
     0 | D:1      | 0 ||| qw: Allow faded altars: false
     0 | D:1      | 0 ||| qw: Do Orc after D:15 true
     0 | D:1      | 0 ||| qw: Do second Lair branch before Depths: true
     0 | D:1      | 0 ||| qw: Lair rune preference: random
     0 | D:1      | 0 ||| qw: Plans: Normal
     0 | D:1      | 0 ||| PLANNING D:1-11
    39 | D:1      | 39 ||| Stepping ~*~*~tactically~*~*~ (stealth).
    40 | D:1      | 40 ||| Stepping ~*~*~tactically~*~*~ (stealth).
    45 | D:1      | 45 ||| Stepping ~*~*~tactically~*~*~ (stealth).
    48 | D:1      | 48 ||| Stepping ~*~*~tactically~*~*~ (stealth).
    77 | D:1      | Reached skill level 3 in Axes
    77 | D:1      | Reached XP level 2. HP: 17/17 MP: 6/6
    84 | D:1      | 84 ||| Stepping ~*~*~tactically~*~*~ (hiding).
    85 | D:1      | 85 ||| Stepping ~*~*~tactically~*~*~ (hiding).
   271 | D:1      | 271 ||| Stepping ~*~*~tactically~*~*~ (stealth).
   285 | D:1      | Found Ycluxa's Jewellery Shoppe.
   294 | D:1      | 294 ||| SHOPLISTING amulet of reflection (360 gold, have
                  | 40).
   294 | D:1      | 294 ||| SHOPLISTING amulet of regeneration (360 gold, have
                  | 40).
   294 | D:1      | 294 ||| SHOPLISTING amulet of the acrobat (360 gold, have
                  | 40).
   294 | D:1      | 294 ||| SHOPLISTING ring of protection from cold (300 gold,
                  | have 40).
   294 | D:1      | 294 ||| SHOPLISTING ring of protection from fire (300 gold,
                  | have 40).
   294 | D:1      | 294 ||| SHOPLISTING ring of resist corrosion (240 gold,
                  | have 40).
   294 | D:1      | 294 ||| SHOPLISTING ring of see invisible (180 gold, have
                  | 40).
   294 | D:1      | 294 ||| SHOPLISTING ring of willpower (300 gold, have 40).
   530 | D:1      | 530 ||| Stepping ~*~*~tactically~*~*~ (stealth).
   535 | D:1      | Reached XP level 3. HP: 17/21 MP: 7/7
   675 | D:1      | 675 ||| Stepping ~*~*~tactically~*~*~ (stealth).
  1001 | D:1      | 1001 ||| READING scroll labelled NAXYOKHLUFFU.
  1002 | D:1      | 1002 ||| READING scroll labelled ECEG POSKIER.
  1003 | D:1      | 1003 ||| READING 2 scrolls labelled FUDGHO NIGIHAS.
  1007 | D:1      | 1007 ||| READING scroll labelled UHAAXY ILOUFAI.
  1008 | D:1      | 1008 ||| READING 4 scrolls labelled HYSHAU LOSYETIO.
  1009 | D:1      | 1009 ||| READING scroll labelled DAHATO JIMECW.
  1010 | D:1      | 1010 ||| READING 3 scrolls of identify.
  1010 | D:1      | 1010 ||| IDENTIFYING smoky ruby potion
  1011 | D:1      | 1011 ||| DROPPING scroll of blinking.
  1058 | D:2      | Reached skill level 4 in Axes
  1105 | D:2      | 1105 ||| Stepping ~*~*~tactically~*~*~ (hiding).
  1234 | D:2      | Found a sparkling altar of Nemelex Xobeh.
  1535 | D:2      | Found a faded altar of an unknown god.
  1647 | D:2      | 1647 ||| UPGRADING to +0 scale mail.
  1657 | D:2      | 1657 ||| DROPPING +0 leather armour.
  1658 | D:2      | 1658 ||| UPGRADING to +0 cloak.
  1663 | D:2      | 1663 ||| READING 2 scrolls of identify.
  1663 | D:2      | 1663 ||| IDENTIFYING glowing red potion
  1735 | D:3      | 1735 ||| Stepping ~*~*~tactically~*~*~ (hiding).
  1979 | D:3      | 1979 ||| Stepping ~*~*~tactically~*~*~ (stealth).
  2011 | D:3      | Noticed Jessica
  2017 | D:3      | Killed Jessica
  2018 | D:3      | Reached skill level 5 in Axes
  2018 | D:3      | Reached XP level 4. HP: 19/26 MP: 8/8
  2020 | D:3      | 2020 ||| FLEEEEING.
  2021 | D:3      | 2021 ||| FLEEEEING.
  2022 | D:3      | 2022 ||| FLEEEEING.
  2023 | D:3      | 2023 ||| FLEEEEING.
  2024 | D:3      | 2024 ||| FLEEEEING.
  2025 | D:3      | 2025 ||| FLEEEEING.
  2027 | D:3      | 2027 ||| FLEEEEING.
  2028 | D:3      | 2028 ||| FLEEEEING.
  2029 | D:3      | 2029 ||| FLEEEEING.
  2030 | D:3      | 2030 ||| FLEEEEING.
  2031 | D:3      | 2031 ||| FLEEEEING.
  2031 | D:3      | You fall into a shaft and drop 1 floor!
  2098 | D:4      | Noticed a scorpion
  2107 | D:4      | HP: 6/26 [poisoned by a scorpion]
  2108 | D:4      | 2108 ||| READING scroll of teleportation.
  2108 | D:4      | Slain by a scorpion

Levels and vault maps discovered:
D:1:      eino_arrival_cavern_a, layout_loops_ring, serial_shops, shop_statue
D:2:      layout_rooms, basic_altar, ebering_ecumenical_altar_petrified,
          serial_corexii_hall, corexii_hall_statues_s, corexii_hall_statues_l,
          corexii_hall_statues_i, chequers_hall_statues_wall_a
D:3:      layout_basic, uniq_jessica
D:4:      layout_rooms, mainiacjoe_overflow_paths, uniq_eustachio

Skill      XL: |  1  2  3 |
---------------+----------+-----
Axes           | 3 5 |  5.0
Fighting       | |  2.0
Throwing       | |  1.0
Armour         | |  1.1
Dodging        | |  2.1
Spellcasting   | |  2.0
Translocations | |  2.4

Action                   |  1- 3 |  4- 6 || total
-------------------------+-------+-------++-------
Melee: Hand axe          |    76 |     8 ||    84
       Peck              |    13 |     2 ||    15
       Kick              |    19 |     2 ||    21
Throw: Boomerang         |    13 |     1 ||    14
  Use: Scroll            |     8 |     1 ||     9
Armor: Leather armour    |    15 |       ||    15
       Scale mail        |     7 |     4 ||    11
Dodge: Dodged            |    28 |     4 ||    32

Table legend:
 A = Non-vault XP
 B = Vault XP
 C = Vault XP percentage of total XP
 D = Non-vault monster count
 E = Vault monster count
 F = Vault count percentage of total count
                 A         B        C        D         E       F
            +---------+---------+-------+---------+---------+-------
      Total |      82 |      37 |  31.1 |      40 |       1 |   2.4
            +---------+---------+-------+---------+---------+-------
        D:1 |      44 |       0 |   0.0 |      24 |       0 |   0.0
        D:2 |      12 |       0 |   0.0 |       8 |       0 |   0.0
        D:3 |      26 |      37 |  58.7 |       8 |       1 |  11.1
            +---------+---------+-------+---------+---------+-------
